 Dungeon Crawl Stone Soup version 0.28.0-45-g0d030f2227 (webtiles) character file.

Game seed: 2936703806459920202

505 Iusername the Covered (level 6, -1/53 HPs)
             Began as a Minotaur Fighter on Apr 6, 2022.
             Slain by a gnoll
             ... wielding a +0 halberd
              (7 damage)
             ... on level 5 of the Dungeon.
             The game lasted 00:08:40 (4082 turns).

Iusername the Covered (Minotaur Fighter)            Turns: 4082, Time: 00:08:41

Health: -1/53      AC:  8    Str: 22    XL:     6   Next: 96%
Magic:  5/5        EV: 10    Int:  5    God:
Gold:   153        SH:  4    Dex: 10    Spells: 5/5 levels left

rFire   + . .      SeeInvis .   d - +5 dagger
rCold   . . .      Faith    .   c - +0 buckler
rNeg    . . .      Spirit   .   b - +0 scale mail
rPois   .          Reflect  .   (helmet restricted)
rElec   +          Harm     .   (no cloak)
rCorr   .          Rampage  .   k - +0 pair of gloves
Will    .....                   (no boots)
Stlth   ..........              (no amulet)
HPRegen 0.17/turn               m - ring of Xapymeab {rElec rF+}
MPRegen 0.09/turn               (no ring)

@: no status effects
A: horns 2, retaliatory headbutt
a: no special abilities


You were on level 5 of the Dungeon.
You visited 1 branch of the dungeon, and saw 5 of its levels.

You collected 153 gold pieces.

Inventory:

Hand Weapons
 a - a +0 long sword
 d - a +5 dagger (weapon)
Missiles
 i - 5 atropa-tipped darts (quivered)
Armour
 b - a +0 scale mail (worn)
 c - a +0 buckler (worn)
 k - a +0 pair of gloves (worn)
Jewellery
 m - the ring of Xapymeab (left hand) {rElec rF+}
   (You found it on level 4 of the Dungeon)

   [ring of protection from fire]

   rF:        It protects you from fire.
   rElec:     It insulates you from electricity.
Scrolls
 g - 3 scrolls of identify {unknown}
 h - a scroll of magic mapping
 j - a scroll of immolation {unknown}
 o - a scroll of fear {unknown}
 p - a scroll of blinking {unknown}
Potions
 e - a potion of flight
 f - 2 potions of curing
 l - a potion of resistance {unknown}


   Skills:
 + Level 4.5 Fighting
 + Level 3.3(4.0) Short Blades
 + Level 3.8(4.5) Long Blades
 + Level 1.0 Throwing
 + Level 6.0 Armour
 + Level 2.3 Dodging
 + Level 0.2 Stealth
 + Level 4.6 Shields


You had 5 spell levels left.
You didn't know any spells.
Your spell library contained the following spells:

 Spells                   Type           Power      Damage    Failure   Level
 Conjure Flame            Conj/Fire      0%         6-21      99%         3
 Ignite Poison            Fire/Tmut/Pois 0%         N/A       99%         3
 Sticky Flame             Conj/Fire      0%         2d3       100%        4


Dungeon Overview and Level Annotations

Branches:
Dungeon (5/15)
 Temple: D:4-7

Altars:

Shops:
D:1 =

Annotations:
D:5 Menkaure


Innate Abilities, Weirdness & Mutations

You have a pair of horns on your head.
You reflexively headbutt those who attack you in melee.


Message History

The gnoll hits you with a +0 club!
The gnoll hits you from afar with a +0 halberd.
You are too injured to fight recklessly!
You feel much better.
Menkaure gestures at you while chanting.
Pain shoots through your body! The gnoll closely misses you.
The gnoll hits you but does no damage. The gnoll closely misses you.
You furiously retaliate!
You headbutt the gnoll!
You kill the gnoll!
You are too injured to fight recklessly!
You hit Menkaure.
Menkaure is lightly damaged.
Menkaure completely misses you. You furiously retaliate!
You headbutt Menkaure, but do no damage.
The gnoll barely misses you.
You hit Menkaure. You headbutt Menkaure.
Menkaure is heavily damaged.
You block the gnoll's attack. Menkaure casts a spell at you.
Pain shoots through your body!
* * * LOW HITPOINT WARNING * * *
The gnoll hits you but does no damage.
You hit Menkaure. Your headbutt misses Menkaure.
Menkaure is severely damaged.
The gnoll barely misses you. You block the gnoll's attack.
Menkaure hits you but does no damage.
The gnoll hits you from afar with a +0 spear.
* * * LOW HITPOINT WARNING * * *
You feel better. The gnoll closely misses you. Menkaure casts a spell at you.
Pain shoots through your body!
* * * LOW HITPOINT WARNING * * *
The gnoll hits you from afar with a +0 halberd.
* * * LOW HITPOINT WARNING * * *
The gnoll misses you.
You hit Menkaure. You headbutt Menkaure!
Menkaure is almost destroyed.
You block Menkaure's attack.
The gnoll hits you from afar with a +0 halberd!
You die...

*,* #.#.# ##.#....#
*,,,,,,,* *,****#.#.#
#.....#.# *,,,,,,,*
*,,,,,....###..####.#
*,,,,,***
,,,,<,,,###....####.#
*****,*** *********
#.........# *,,,,
#......#### *****
##.(.#.#####
#....?....#*******
#..##@###....,,,,*
*****#...)M#****##***,*
*,,......ggg**** **,*
*,*#####.....,,* *,>* *,*
#......,* *,**
***,*****#.......* *,*
*,,,,,,,*#.......# *,*
*,*,***,*#.......# *,*
*,*,***,**,,,,,,,*****,****


You could see Menkaure (fast) and 3 gnolls.

Vanquished Creatures
  2 ogres (D:4)
  2 hounds
  An orc wizard (D:4)
  A hound skeleton (D:4)
  Robin (D:3)
  A gnoll (D:5)
  11 adders
  A howler monkey skeleton (D:4)
  An adder skeleton (D:4)
  2 worms
  A dart slug (D:4)
  16 orcs
  6 ball pythons
  5 bats
  3 endoplasms
  3 giant cockroaches
  11 hobgoblins
  4 jackals (D:1)
  4 kobolds
  4 quokkas
  3 frilled lizards
  11 goblins
  4 rats
98 creatures vanquished.

Vanquished Creatures (others)
  4 fungi (D:2)
  7 plants (D:2)
11 creatures vanquished.

Grand Total: 109 creatures vanquished

Notes
Turn   | Place    | Note
-------+----------+-------------------------------------------
     0 | D:1      | Iusername the Minotaur Fighter began the quest for the Orb.
     0 | D:1      | Reached XP level 1. HP: 19/19 MP: 0/0
   191 | D:1      | Reached XP level 2. HP: 26/27 MP: 1/1
   237 | D:1      | Reached skill level 4 in Armour
   332 | D:1      | Found Ogese's Jewellery Emporium.
   835 | D:2      | Reached XP level 3. HP: 33/33 MP: 2/2
  1080 | D:2      | Found a faded altar of an unknown god.
  1106 | D:2      | Reached skill level 1 in Dodging
  1689 | D:3      | Reached XP level 4. HP: 40/40 MP: 3/3
  1917 | D:3      | Noticed Robin
  1925 | D:3      | Killed Robin
  2694 | D:3      | Reached XP level 5. HP: 39/46 MP: 4/4
  2896 | D:4      | Reached skill level 1 in Short Blades
  3036 | D:4      | Identified the ring of Xapymeab {rElec rF+}
  3107 | D:4      | Reached skill level 5 in Armour
  3135 | D:4      | Noticed an ogre
  3145 | D:4      | Killed an ogre
  3146 | D:4      | Reached skill level 1 in Throwing
  3146 | D:4      | Reached XP level 6. HP: 36/52 MP: 5/5
  4009 | D:5      | Entered Level 5 of the Dungeon
  4035 | D:5      | Reached skill level 6 in Armour
  4067 | D:5      | Noticed Menkaure
  4082 | D:5      | Slain by a gnoll

Illustrated notes

Levels and vault maps discovered:
D:1:      sevenhm_arrival_forest_fort_large_4, layout_rooms, serial_shops, shop,
          minmay_misc_feat_more_columns
D:2:      layout_basic, dreamdust_ecumenical_altar_grove
D:3:      layout_loops_ring, uniq_robin
D:4:      layout_cave_pools
D:5:      layout_loops_cross, uniq_sigmund, uniq_menkaure

Skill      XL: |  1  2  3  4  5  6 |
---------------+-------------------+-----
Armour         | 4 5 6 |  6.0
Shields        | 4 |  4.6
Long Blades    | 3 |  3.8
Dodging        | 1 2 |  2.3
Fighting       | 4 |  4.5
Short Blades   | 2 3 |  3.3
Throwing       | 1 |  1.0
Stealth        | |  0.2

Action                   |  1- 3 |  4- 6 || total
-------------------------+-------+-------++-------
Melee: Long sword        |    89 |    16 ||   105
       Headbutt          |     8 |    27 ||    35
       Dagger            |       |   139 ||   139
Throw: Dart              |       |     6 ||     6
  Use: Scroll            |     1 |     1 ||     2
       Potion            |     4 |     6 ||    10
Armor: Scale mail        |    72 |    55 ||   127
Dodge: Dodged            |    60 |    65 ||   125
Block: Buckler           |    37 |    39 ||    76
